[Event "Charlotte Spring IM-C 2024"]
[Site "Charlotte"]
[Date "2024.03.31"]
[Round "7.3"]
[White "Posthuma, Joshua"]
[Black "Nguyen, James Le"]
[Result "1-0"]
[ECO "D00"]
[WhiteElo "2449"]
[BlackElo "2114"]
[Annotator "TA"]
[PlyCount "111"]
[EventDate "2024.03.27"]
[EventType "tourn"]
[EventCountry "USA"]
[SourceTitle "playchess.com"]
[Source "ChessBase"]
[SourceQuality "1"]
[TimeControl "5400+30"]

1. d4 d5 2. Bf4 c5 3. Nc3 Nf6 4. e4 dxe4 5. dxc5 Bd7 6. Qd2 Nc6 7. O-O-O e5 8. Bg5 Bxc5 9. Bxf6 gxf6 10. Nxe4 Be7 11. Nf3 Qc7 12. Bb5 O-O-O 13. Nd6+ Bxd6 14. Qxd6 Be6 15. Qa3 a6 16. Bd3 {[%emt 0:00:00] [#]} (16. Bxc6 $11 {remains equal.} Qxc6 17. Rxd8+ Rxd8 18. Rd1) 16... f5 (16... Kb8 $1 $17 17. Be4 Na5) 17. Ng5 $15 e4 18. Nxe6 $1 fxe6 19. Bc4 Nd4 20. Qc3 e5 21. Rhe1 Kb8 (21... Rd6 $15 22. Bb3 Rg6) 22. Bb3 Qd7 (22... Rd6 {simplifies} 23. Qxc7+ Kxc7 24. c3 Nxb3+ 25. axb3 Rg8) 23. Qe3 Qb5 24. Kb1 a5 25. Bf7 a4 26. c3 Nc6 27. Qg5 (27. c4 $142 Rxd1+ 28. Rxd1) 27... f4 28. a3 Rxd1+ 29. Rxd1 Qe2 30. Rd7 Qxf2 31. Bd5 Qf1+ $1 32. Ka2 Qb5 $1 33. Qg7 (33. Bxe4 $2 Qc4+ 34. Ka1 Qxe4 $19) 33... Rc8 34. Qxh7 $2 (34. c4 $11 Qa6 (34... Qb3+ 35. Ka1 $11) 35. Bxc6 Qxc6 (35... Qxc4+ 36. Ka1 $11) 36. Qxe5+ Ka8 37. Rd4) 34... e3 $19 35. Qe4 e2 36. Be6 $2 (36. Kb1 {was the only defense.} Na5 37. Re7 (37. Qxe5+ $2 Ka7 $19) 37... Qxd5 (37... Rxc3 $2 38. Qxe5+ Ka7 39. Qxe2 $18) 38. Qxe5+ Qxe5 39. Rxe5) 36... Rd8 $2 (36... Na5 $19 {And now ...Re8 would win.} 37. Bg4 f3 38. Bxf3 Qxd7 39. Qxe5+ Qc7) 37. Ka1 $1 $15 Re8 (37... Rh8 $1 $15 38. h3 (38. Bg4 $2 Na5 $19) 38... Na5) 38. Bg4 $1 $11 Na5 39. Qxe2 (39. Bxe2 $2 Nb3+ (39... Qxd7 $2 40. Bh5 $19) 40. Ka2 Qxd7 $19) 39... Nc4 ({Black should try} 39... Qxe2 $11 40. Bxe2 e4) 40. Rd1 (40. h3 $5) 40... Qb3 41. Bf3 (41. Bh5 $14 Re7 (41... Rh8 $2 42. Bf7 $18) 42. g3) 41... e4 $11 42. Bh5 $2 {[%emt 0:00:34] [#]} (42. Bxe4 Rxe4 43. Rd8+ Kc7) (42. Rd4 $11 {and White stays safe.} exf3 (42... Nxb2 $2 43. Rxe4 Rxe4 44. Qxe4 $18) 43. Qxe8+ Ka7 44. Rxc4 (44. gxf3 $2 Qxb2#) 44... Qd1+ 45. Ka2 Qb3+ 46. Kb1 Qd1+ 47. Ka2 Qb3+ 48. Ka1 Qd1+ 49. Ka2) 42... Re7 $2 ({Better is} 42... Rg8 $1 $19 {[%cal Of4f3] ...f3! would now be deadly.} 43. Rc1 (43. Rd4 $2 f3 $19) 43... Rg7) 43. Rd4 Ne3 44. Kb1 Rg7 $2 (44... Nd5 $11 {and Black has nothing to worry.} 45. Kc1 Nxc3) 45. g3 $1 $18 (45. Rxe4 $2 {perishes.} Rxg2 $19) 45... fxg3 $2 (45... Rg5) 46. Qxe3 $18 gxh2 47. Rd8+ (47. Qxe4 Rg1+) 47... Kc7 48. Qc5+ Kxd8 49. Qf8+ Kc7 50. Qxg7+ Kb6 51. Qg2 Qb5 52. Qxh2 Qf1+ 53. Kc2 Qd3+ 54. Kc1 Qf1+ 55. Bd1 Qd3 56. Qe2 1-0

[Event "Charlotte Spring IM-C 2024"]
[Site "Charlotte"]
[Date "2024.03.31"]
[Round "7.4"]
[White "Fierro Baquero, Martha L."]
[Black "Kunka, Harshid"]
[Result "1-0"]
[ECO "A14"]
[WhiteElo "2283"]
[BlackElo "2294"]
[Annotator "RC"]
[PlyCount "105"]
[EventDate "2024.03.27"]
[EventType "tourn"]
[EventCountry "USA"]
[SourceTitle "playchess.com"]
[Source "ChessBase"]
[SourceQuality "1"]
[TimeControl "5400+30"]

1. c4 e6 2. g3 d5 3. Bg2 Nf6 4. Nf3 Be7 5. O-O O-O 6. b3 b6 7. Bb2 Bb7 8. e3 dxc4 9. bxc4 c5 10. Nc3 Nc6 11. Qe2 a6 12. Rfd1 Qc7 13. Rac1 Na5 14. d3 Rfd8 15. e4 Nd7 16. e5 Bxf3 17. Bxf3 Rac8 18. Re1 Nb8 19. Be4 Nac6 20. Nd5 exd5 21. cxd5 Nb4 22. d6 Qd7 23. dxe7 Qxe7 24. Qg4 Nd7 25. e6 Nf6 26. Qh4 fxe6 27. Bxh7+ Kf7 28. Bf5 Rc6 29. Qg5 Rh8 30. Re2 Nbd5 31. Rce1 Nc7 32. Be5 Nfe8 33. Qg6+ Kf8 34. Be4 Rd6 35. Bxd6 Nxd6 36. Qg4 Rh6 37. Re3 Kg8 38. h4 Rf6 39. Bg6 Nf7 40. Rf3 Nh6 41. Qg5 Qf8 42. Rxf6 gxf6 43. Qf4 e5 44. Qe4 Qd6 45. Qb7 Kg7 46. h5 Ng8 47. a4 Ne7 48. Rb1 b5 49. axb5 axb5 50. Ra1 Kh6 51. Ra7 Ned5 52. Be4 Kxh5 53. Bxd5 1-0

[Event "Charlotte Spring IM-C 2024"]
[Site "Charlotte"]
[Date "2024.03.31"]
[Round "7.5"]
[White "Mendez Tovar, Yessica Yissel"]
[Black "Horobetz, Graham"]
[Result "0-1"]
[ECO "B88"]
[WhiteElo "1993"]
[BlackElo "2252"]
[Annotator "RC"]
[PlyCount "68"]
[EventDate "2024.03.27"]
[EventType "tourn"]
[EventCountry "USA"]
[SourceTitle "playchess.com"]
[Source "ChessBase"]
[SourceQuality "1"]
[TimeControl "5400+30"]

1. e4 c5 2. Nf3 d6 3. Nc3 Nf6 4. Bc4 a6 5. a4 Nc6 6. d4 cxd4 7. Nxd4 e6 8. O-O Be7 9. Be3 O-O 10. Re1 Qc7 11. Bf1 Rd8 12. Qe2 Nxd4 13. Bxd4 e5 14. Be3 Be6 15. a5 Qc6 16. f3 d5 17. exd5 Nxd5 18. Nxd5 Rxd5 19. c4 Rd7 20. Kh1 Rc8 21. b3 Bb4 22. Red1 Rxd1 23. Qxd1 e4 24. Be2 Bc3 25. Ra2 Bf5 26. Qc1 Bb4 27. Bd2 Bf8 28. Bc3 Re8 29. Qg5 Bg6 30. Ra1 h6 31. Qd5 Qxd5 32. cxd5 exf3 33. Bxf3 Re3 34. Rc1 Ba3 0-1

[Event "Charlotte Spring IM-C 2024"]
[Site "Charlotte"]
[Date "2024.03.31"]
[Round "8.1"]
[White "Eckert, Doug"]
[Black "Horobetz, Graham"]
[Result "1/2-1/2"]
[ECO "A37"]
[WhiteElo "2146"]
[BlackElo "2252"]
[Annotator "ChessBase"]
[PlyCount "79"]
[EventDate "2024.03.27"]
[EventType "tourn"]
[EventCountry "USA"]
[SourceTitle "playchess.com"]
[Source "ChessBase"]
[SourceQuality "1"]
[TimeControl "5400+30"]

1. c4 c5 2. Nf3 Nc6 3. g3 g6 4. Bg2 Bg7 5. Nc3 e5 6. a3 Nge7 7. d3 d6 8. O-O O-O 9. Rb1 a5 10. Bg5 f6 11. Be3 Rb8 12. Ne1 Be6 13. Nc2 Qd7 14. b4 axb4 15. axb4 b6 16. Re1 Nd4 17. Bd2 Rfc8 18. Ne3 cxb4 19. Rxb4 b5 20. Qb1 Nec6 21. Bxc6 Qxc6 22. Nxb5 Nxb5 23. Rxb5 Rxb5 24. Qxb5 Qxb5 25. cxb5 Rb8 26. Rb1 Bh6 27. Ba5 Bxe3 28. fxe3 Rb7 29. Bd8 Rd7 30. Bxf6 h6 31. d4 Bf5 32. Ra1 Kf7 33. dxe5 dxe5 34. Bxe5 Rd5 35. Ra7+ Ke6 36. Bg7 Rxb5 37. Bxh6 Rb2 38. Ra6+ Kd5 39. Ra5+ Ke6 40. Ra6+ 1/2-1/2

[Event "Charlotte Spring IM-C 2024"]
[Site "Charlotte"]
[Date "2024.03.31"]
[Round "8.2"]
[White "Kunka, Harshid"]
[Black "Mendez Tovar, Yessica Yissel"]
[Result "1-0"]
[ECO "A82"]
[WhiteElo "2294"]
[BlackElo "1993"]
[Annotator "ChessBase"]
[PlyCount "69"]
[EventDate "2024.03.27"]
[EventType "tourn"]
[EventCountry "USA"]
[SourceTitle "playchess.com"]
[Source "ChessBase"]
[SourceQuality "1"]
[TimeControl "5400+30"]

1. e4 d6 2. d4 f5 3. Nc3 fxe4 4. Nxe4 Nf6 5. Bd3 Nc6 6. Nxf6+ exf6 7. c3 Be6 8. Ne2 Be7 9. Qc2 g6 10. h4 Qd7 11. Nf4 Bf7 12. Bd2 O-O-O 13. O-O-O Kb8 14. h5 f5 15. Rhg1 Rdf8 16. f3 Bg5 17. Kb1 gxh5 18. Ka1 Ne7 19. Rde1 Rhg8 20. Re2 Bxf4 21. Bxf4 Ng6 22. Bh6 Re8 23. Rxe8+ Rxe8 24. Bxf5 Qb5 25. Be4 h4 26. Bc1 Qa6 27. b3 c5 28. dxc5 dxc5 29. c4 Qf6+ 30. Bb2 Qg5 31. Rd1 Be6 32. Qd3 h3 33. Qd6+ Ka8 34. Qc7 Bc8 35. Rd7 1-0

[Event "Charlotte Spring IM-C 2024"]
[Site "Charlotte"]
[Date "2024.03.31"]
[Round "8.3"]
[White "Nguyen, James Le"]
[Black "Fierro Baquero, Martha L."]
[Result "1-0"]
[ECO "B08"]
[WhiteElo "2114"]
[BlackElo "2283"]
[Annotator "RC"]
[PlyCount "117"]
[EventDate "2024.03.27"]
[EventType "tourn"]
[EventCountry "USA"]
[SourceTitle "playchess.com"]
[Source "ChessBase"]
[SourceQuality "1"]
[TimeControl "5400+30"]

1. e4 g6 2. d4 Bg7 3. Nc3 c6 4. h3 d6 5. Nf3 Nf6 6. a4 O-O 7. a5 Nbd7 8. Bd3 e5 9. dxe5 dxe5 10. O-O Qe7 11. Bc4 Nc5 12. Qe2 Nh5 13. Bg5 Bf6 14. Qe3 Ne6 15. Bxe6 Bxe6 16. Bxf6 Qxf6 17. Qc5 Nf4 18. Qxe5 Nxh3+ 19. Kh2 Qf4+ 20. Qxf4 Nxf4 21. Rfd1 Bg4 22. a6 Bxf3 23. gxf3 b5 24. Rd6 Rfc8 25. e5 Kg7 26. Rd7 Re8 27. Re1 Re6 28. Kg3 g5 29. Ne4 Rxe5 30. Red1 Kg6 31. R1d6+ Re6 32. Nc5 Rxd6 33. Rxd6+ Kg7 34. Rxc6 Rd8 35. Rc7 Rd1 36. Rxa7 Rh1 37. Nd3 Nxd3 38. cxd3 Rg1+ 39. Kh2 Rb1 40. Kg3 Rxb2 41. Rb7 Ra2 42. Rxb5 Rxa6 43. Rxg5+ Kf6 44. Rd5 Ke6 45. Rd8 Rd6 46. Rxd6+ Kxd6 47. Kg4 Ke5 48. Kg5 Kd4 49. Kh6 Kxd3 50. Kxh7 Kd4 51. Kh6 Ke5 52. Kg5 Ke6 53. f4 Ke7 54. Kf5 Ke8 55. Kf6 Kf8 56. f5 Kg8 57. Ke7 Kg7 58. f6+ Kg6 59. f3 1-0

[Event "Charlotte Spring IM-C 2024"]
[Site "Charlotte"]
[Date "2024.03.31"]
[Round "8.4"]
[White "Wu, Sibo"]
[Black "Posthuma, Joshua"]
[Result "0-1"]
[ECO "A40"]
[WhiteElo "2142"]
[BlackElo "2449"]
[Annotator "RC"]
[PlyCount "194"]
[EventDate "2024.03.27"]
[EventType "tourn"]
[EventCountry "USA"]
[SourceTitle "playchess.com"]
[Source "ChessBase"]
[SourceQuality "1"]
[TimeControl "5400+30"]

1. d4 g6 2. Bf4 Bg7 3. Nc3 c5 4. e3 Nf6 5. Nf3 O-O 6. a4 d6 7. h3 Qa5 8. Qd2 cxd4 9. exd4 Nc6 10. Nb5 Qxd2+ 11. Bxd2 Bf5 12. Rc1 Rac8 13. Be2 a6 14. Na3 Nd5 15. c3 Nb6 16. Bd1 Be4 17. O-O Bxf3 18. gxf3 d5 19. b3 e6 20. Be2 Rfd8 21. Nc2 h5 22. Ne1 Nd7 23. Nd3 Ne7 24. b4 Nf5 25. b5 axb5 26. axb5 Nd6 27. Rb1 Nc4 28. Bf4 Ra8 29. Ra1 Rdc8 30. Rxa8 Rxa8 31. Nc5 Nxc5 32. dxc5 Be5 33. Bxe5 Nxe5 34. f4 Nd7 35. c6 bxc6 36. bxc6 Nc5 37. c4 dxc4 38. Rc1 Rc8 39. Bf3 Nb3 40. Rxc4 Nd2 41. Rc3 Nxf3+ 42. Rxf3 Rxc6 43. Kg2 Kg7 44. Kg3 Kf6 45. Rb3 Rc5 46. Ra3 Kf5 47. Rb3 Rd5 48. Re3 Rc5 49. Ra3 Rc4 50. Ra5+ Ke4 51. Re5+ Kd4 52. Ra5 Rc3+ 53. Kg2 Ke4 54. Ra4+ Kf5 55. Rb4 Ra3 56. Rc4 Rb3 57. Ra4 Rd3 58. Rb4 Kf6 59. Rb5 Rd5 60. Rb4 Ra5 61. Kg3 Kf5 62. Rc4 h4+ 63. Kg2 Ra3 64. Rb4 Rd3 65. Ra4 Kf6 66. Ra5 Rd5 67. Ra4 Rf5 68. Rb4 Ke7 69. Rd4 Rd5 70. Ra4 f5 71. Ra7+ Rd7 72. Ra6 Kf6 73. Ra8 Rd4 74. Kf3 Rd3+ 75. Kg2 g5 76. fxg5+ Kxg5 77. Rg8+ Kf6 78. Rh8 Rd4 79. Ra8 e5 80. Rf8+ Kg6 81. Re8 e4 82. Ra8 Rd2 83. Ra3 Kf6 84. Rb3 f4 85. Kg1 Ke5 86. Rb4 Rd3 87. Kg2 f3+ 88. Kg1 Rd1+ 89. Kh2 e3 90. Rb5+ Rd5 91. Rb3 e2 92. Re3+ Kf4 93. Re8 Re5 94. Rf8+ Ke4 95. Rf7 e1=Q 96. Rf4+ Kd3 97. Rd4+ Ke2 0-1

[Event "Charlotte Spring IM-C 2024"]
[Site "Charlotte"]
[Date "2024.03.31"]
[Round "8.5"]
[White "Melillo, Lucius"]
[Black "Komarov, Dimitri"]
[Result "1/2-1/2"]
[ECO "C47"]
[WhiteElo "2274"]
[BlackElo "2448"]
[Annotator "TA"]
[PlyCount "44"]
[EventDate "2024.03.27"]
[EventType "tourn"]
[EventCountry "USA"]
[SourceTitle "playchess.com"]
[Source "ChessBase"]
[SourceQuality "1"]
[TimeControl "5400+30"]

1. e4 e5 2. Nf3 Nc6 3. Nc3 Nf6 4. a3 g6 5. d4 exd4 6. Nxd4 Bg7 7. Nxc6 bxc6 8. Bd3 O-O 9. O-O d5 10. Qf3 Rb8 11. Rb1 Bg4 12. Qg3 {[%emt 0:00:00] [#] e5 would now be deadly.} Qd7 {[%emt 0:00:00] White must now prevent ...Nh5.} 13. h3 (13. f3 {looks sharper.} Nxe4 14. Nxe4 dxe4 15. fxe4 a5 16. b3) 13... dxe4 14. Nxe4 Nxe4 15. Qxg4 Qxg4 16. hxg4 Nc3 17. Ra1 (17. bxc3 $2 {too greedy.} Rxb1 18. g3 Rfb8 $19 (18... Bxc3 $2 19. Be3 $19)) 17... Na4 18. Rb1 Bxb2 19. Bxb2 Nxb2 20. Rfe1 Rb6 21. Bf1 c5 22. Re7 {[%emt 0:00:00][%mdl 1024] White has compensation.} (22. Re5 $5 ) 22... Rc8 {[%emt 0:00:00] Weighted Error Value: White=0.06 (flawless) /Black=0.08 (flawless) .  Inaccurate:     	---       	Black=1      OK:         	White=7     	Black=4      Best:        	---       	Black=1} 1/2-1/2

[Event "Charlotte Spring IM-C 2024"]
[Site "Charlotte"]
[Date "2024.03.31"]
[Round "9.1"]
[White "Komarov, Dimitri"]
[Black "Eckert, Doug"]
[Result "1-0"]
[ECO "D38"]
[WhiteElo "2448"]
[BlackElo "2146"]
[Annotator "TA"]
[PlyCount "83"]
[EventDate "2024.03.27"]
[EventType "tourn"]
[EventCountry "USA"]
[SourceTitle "playchess.com"]
[Source "ChessBase"]
[SourceQuality "1"]
[TimeControl "5400+30"]

1. d4 d5 2. Nf3 Nf6 3. c4 e6 4. Nc3 Nbd7 5. Bg5 Bb4 6. e3 c5 7. cxd5 exd5 8. Qc2 Qa5 9. Bd3 c4 10. Bf5 O-O 11. O-O Bxc3 12. Qxc3 Qxc3 13. bxc3 g6 (13... h6 $11 14. Bxf6 Nxf6 15. Bxc8 Rfxc8) 14. Bc2 $16 {[%emt 0:00:50] White is much more active.} Kg7 15. Nd2 h6 {[%emt 0:06:26] White is better.} 16. Bh4 Re8 17. Rfe1 Nb6 18. f3 {[%emt 0:02:20] Repels Ne4} Bd7 19. a4 Bc6 20. Bf2 Nbd7 21. e4 b6 (21... Nf8 $16 22. Bg3 b6) 22. e5 $18 Ng8 23. f4 f5 24. Nf1 h5 (24... Nf8 $16 25. g4 fxg4) 25. Ne3 Nf8 26. Bh4 Ne6 27. Rf1 Nc7 (27... Rab8 {keeps fighting.} 28. h3 Nh6) 28. h3 {[%emt 0:01:48][%cal Bh2h3,Bh3g4][%mdl 32] Black is weak on the dark squares} Bd7 {[%emt 0:01:00] [#]} 29. g4 $1 hxg4 30. hxg4 Nh6 $2 (30... fxg4 {was necessary.} 31. f5 Rab8) 31. Bf6+ {[%emt 0:03:24] White is clearly winning.} Kf7 32. Kg2 Ng8 33. Bg5 fxg4 34. f5 gxf5 35. Nxf5 Bxf5 36. Bxf5 Ne6 37. Bxg4+ {[%emt 0:00:37] This pair of bishops is nice.} Kg6 38. Be3 {[%emt 0:00:39] Threatens to win with Rf3.} Ng7 39. Bd1 {[%emt 0:05:38] Threatening mate with Bc2+.} Nf5 {[%emt 0:03:36] [#]} 40. Bh5+ $1 Kxh5 41. Rxf5+ Kg6 42. Raf1 {[%emt 0:00:06] Black got outplayed after the opening.   Weighted Error Value: White=0.14 (very precise) /Black=0.32.  Mistake:       	---       	Black=4      OK:         	White=12    	Black=11     Best:        	White=1     	Black=1} 1-0

[Event "Charlotte Spring IM-C 2024"]
[Site "Charlotte"]
[Date "2024.03.31"]
[Round "9.2"]
[White "Posthuma, Joshua"]
[Black "Melillo, Lucius"]
[Result "1/2-1/2"]
[ECO "A30"]
[WhiteElo "2449"]
[BlackElo "2274"]
[Annotator "TA"]
[PlyCount "93"]
[EventDate "2024.03.27"]
[EventType "tourn"]
[EventCountry "USA"]
[SourceTitle "playchess.com"]
[Source "ChessBase"]
[SourceQuality "1"]
[TimeControl "5400+30"]

1. Nf3 c5 2. b3 Nc6 3. Bb2 Nf6 4. c4 g6 5. Bxf6 exf6 6. Nc3 Bg7 7. g3 f5 8. Bg2 O-O 9. O-O b6 10. Rc1 Bb7 11. e3 Ne7 12. d4 d6 13. Qd3 Qc7 14. Nb5 Qb8 15. dxc5 dxc5 16. Qd6 (16. Rfd1 {with more complications.} Bb2 17. Rc2 Be4 18. Qe2) 16... Qxd6 17. Nxd6 Bc6 18. Rfd1 Rad8 19. Ng5 Bxg2 20. Kxg2 Nc6 21. Nb7 {[%emt 0:04:51] A dynamic duo of knights.} Rb8 22. Rd7 Ne5 {[%emt 0:00:31] Prevents Nf3} 23. Rc7 Rbc8 (23... f6 $5 24. Ne6 $8 Rf7 $15) 24. Rxc8 Rxc8 25. Rd1 $1 Rb8 26. Nd6 Rd8 {[%emt 0:00:53] [#] Strongly threatening ...Bf8.} 27. Rd5 $1 Bf8 (27... h6 $5 28. Nf3 Kf8 $11) 28. Nde4 Rxd5 29. Nf6+ Kh8 30. Nxd5 $11 {[%emt 0:00:42][%mdl 4096] Endgame. KBN-KNN} (30. cxd5 Be7 31. Nfxh7 (31. Ngxh7 $2 {loses.} Kg7 $19) 31... c4 32. bxc4 Nxc4 $17) 30... h6 31. Nf3 Nd3 32. Nd2 Bd6 33. f4 Nb4 34. Nxb4 cxb4 {[%emt 0:00:02] KB-KN} 35. Kf3 Kg7 36. e4 Bc5 37. exf5 gxf5 38. g4 Kg6 {[%emt 0:01:14] The position is equal.} 39. gxf5+ Kxf5 40. Nf1 Ke6 41. Ng3 f5 42. Ne2 Kf6 43. Nc1 Bd6 44. Nd3 Ke6 45. Ke3 Bc5+ 46. Kf3 Bd6 47. Ke3 {[%emt 0:01:00] An uneventful encounter.   Weighted Error Value: White=0.04 (flawless) /Black=0.03 (flawless) .  Inaccurate:     	White=1     	---        OK:         	White=20    	Black=16     Best:        	White=1     	Black=2      Strong:       	White=2     	---} 1/2-1/2

[Event "Charlotte Spring IM-C 2024"]
[Site "Charlotte"]
[Date "2024.03.31"]
[Round "9.3"]
[White "Fierro Baquero, Martha L."]
[Black "Wu, Sibo"]
[Result "1/2-1/2"]
[ECO "B23"]
[WhiteElo "2283"]
[BlackElo "2142"]
[Annotator "RC"]
[PlyCount "61"]
[EventDate "2024.03.27"]
[EventType "tourn"]
[EventCountry "USA"]
[SourceTitle "playchess.com"]
[Source "ChessBase"]
[SourceQuality "1"]
[TimeControl "5400+30"]

1. e4 c5 2. Nc3 Nc6 3. Bb5 g6 4. Bxc6 dxc6 5. d3 Bg7 6. Be3 b6 7. Qd2 e5 8. h4 h6 9. O-O-O Be6 10. f4 Nf6 11. fxe5 Ng4 12. Nf3 Nxe3 13. Qxe3 Qc7 14. d4 cxd4 15. Qxd4 Rd8 16. Qxd8+ Qxd8 17. Rxd8+ Kxd8 18. Ne2 Re8 19. Ned4 Bd7 20. Rd1 Kc7 21. Rf1 Bxe5 22. Nxe5 Rxe5 23. Rxf7 Rxe4 24. Nf3 Kd6 25. Rg7 Bf5 26. Rxa7 Rg4 27. h5 gxh5 28. Rf7 Ke6 29. Rc7 Be4 30. Ne1 Kd6 31. Rf7 1/2-1/2

[Event "Charlotte Spring IM-C 2024"]
[Site "Charlotte"]
[Date "2024.03.31"]
[Round "9.4"]
[White "Mendez Tovar, Yessica Yissel"]
[Black "Nguyen, James Le"]
[Result "1/2-1/2"]
[ECO "E14"]
[WhiteElo "1993"]
[BlackElo "2114"]
[Annotator "RC"]
[PlyCount "47"]
[EventDate "2024.03.27"]
[EventType "tourn"]
[EventCountry "USA"]
[SourceTitle "playchess.com"]
[Source "ChessBase"]
[SourceQuality "1"]
[TimeControl "5400+30"]

1. d4 d5 2. c4 e6 3. Nf3 Nf6 4. e3 Be7 5. Nc3 O-O 6. Bd3 b6 7. cxd5 exd5 8. Ne5 Bb7 9. O-O Nbd7 10. Qf3 c5 11. Qh3 Nxe5 12. dxe5 Ne4 13. f4 f5 14. Rd1 Qc8 15. Bd2 Nxd2 16. Rxd2 g6 17. Rad1 Rd8 18. Kh1 d4 19. Bc4+ Kg7 20. exd4 cxd4 21. Rxd4 Qc5 22. Nd5 Bxd5 23. Bxd5 Rac8 24. Qb3 1/2-1/2

[Event "Charlotte Spring IM-C 2024"]
[Site "Charlotte"]
[Date "2024.03.31"]
[Round "9.5"]
[White "Horobetz, Graham"]
[Black "Kunka, Harshid"]
[Result "1/2-1/2"]
[ECO "B17"]
[WhiteElo "2252"]
[BlackElo "2294"]
[Annotator "RC"]
[PlyCount "52"]
[EventDate "2024.03.27"]
[EventType "tourn"]
[EventCountry "USA"]
[SourceTitle "playchess.com"]
[Source "ChessBase"]
[SourceQuality "1"]
[TimeControl "5400+30"]

1. e4 c6 2. d4 d5 3. Nc3 dxe4 4. Nxe4 Nd7 5. Nf3 Ngf6 6. Nxf6+ Nxf6 7. Bc4 Bf5 8. Ne5 e6 9. g4 Bg6 10. h4 Bd6 11. Qe2 Be4 12. Rh3 b5 13. Bb3 Bd5 14. g5 Nd7 15. Bf4 Bxe5 16. Bxe5 Nxe5 17. Qxe5 O-O 18. c3 Bxb3 19. axb3 a5 20. h5 Qd5 21. h6 f6 22. Qxd5 exd5 23. hxg7 Kxg7 24. gxf6+ Rxf6 25. Rg3+ Kh8 26. Kf1 h6 1/2-1/2